[Event "WJCC U20 Open 2019"]
[Site "New Delhi"]
[Date "2019.10.17"]
[Round "4.21"]
[White "Pogosyan, Stefan"]
[Black "Albornoz Cabrera, Carlos Daniel"]
[Result "1/2-1/2"]
[ECO "D38"]
[WhiteElo "2364"]
[BlackElo "2581"]
[Annotator "ChessBase"]
[PlyCount "82"]
[EventDate "2019.10.15"]
[EventType "swiss"]
[EventCountry "IND"]
[SourceTitle "playchess.com"]
[Source "ChessBase"]
[SourceQuality "1"]
[TimeControl "40/5400+30:1800+30"]

1. d4 Nf6 2. c4 e6 3. Nf3 d5 4. Nc3 Bb4 5. Qa4+ Nc6 6. e3 O-O 7. Qc2 b6 8. a3 Bxc3+ 9. Qxc3 Ba6 10. b4 dxc4 11. Bxc4 Ne4 12. Qc2 Bxc4 13. Qxc4 Qd5 14. Qxd5 exd5 15. Bb2 Nd6 16. Nd2 b5 17. Rc1 Nc4 18. Nxc4 bxc4 19. Bc3 Rfb8 20. Ke2 a5 21. bxa5 Rb3 22. Bb4 Nxa5 23. Rb1 Rxb1 24. Rxb1 Nb3 25. g4 f6 26. Kd1 Kf7 27. Kc2 h5 28. h3 hxg4 29. hxg4 Rh8 30. Kc3 Ke6 31. a4 Ra8 32. a5 Ra7 33. f4 g6 34. Rh1 c5 35. Bxc5 Nxc5 36. dxc5 Rxa5 37. Kd4 Ra3 38. f5+ gxf5 39. gxf5+ Kxf5 40. Kxd5 Rd3+ 41. Kxc4 Rxe3 1/2-1/2

[Event "WJCC U20 Open 2019"]
[Site "New Delhi"]
[Date "2019.10.17"]
[Round "4.23"]
[White "Gazik, Viktor"]
[Black "Parkhov, Yair"]
[Result "1/2-1/2"]
[ECO "A06"]
[WhiteElo "2546"]
[BlackElo "2350"]
[Annotator "ChessBase"]
[PlyCount "88"]
[EventDate "2019.10.15"]
[EventType "swiss"]
[EventCountry "IND"]
[SourceTitle "playchess.com"]
[Source "ChessBase"]
[SourceQuality "1"]
[TimeControl "40/5400+30:1800+30"]

1. Nf3 d5 2. b3 c5 3. Bb2 Nc6 4. e3 Nf6 5. Bb5 Bd7 6. O-O e6 7. Bxc6 Bxc6 8. Ne5 Rc8 9. d3 Be7 10. f4 O-O 11. Rf3 Nd7 12. Rh3 Nxe5 13. Qh5 h6 14. fxe5 f5 15. Nc3 Qe8 16. Qd1 Kh7 17. d4 g5 18. Rf3 cxd4 19. Qxd4 b6 20. Rf2 Qg6 21. b4 Bd7 22. a3 Rc4 23. Qd3 Rfc8 24. Ne2 Rf8 25. Nd4 g4 26. Raf1 Bg5 27. Qe2 h5 28. e4 Rcc8 29. exf5 exf5 30. e6 Rce8 31. Rxf5 Rxf5 32. Rxf5 Rxe6 33. Qf1 Rf6 34. Rxf6 Qxf6 35. Qe2 Qf4 36. g3 Qe3+ 37. Kf1 Kg6 38. Qa6 Qe4 39. Qd3 Qxd3+ 40. cxd3 Bf6 41. Kf2 a5 42. bxa5 bxa5 43. Bc3 Bxd4+ 44. Bxd4 Kf5 1/2-1/2

[Event "WJCC U20 Open 2019"]
[Site "New Delhi"]
[Date "2019.10.17"]
[Round "4.24"]
[White "Visakh N R"]
[Black "Kukelko, Alexey"]
[Result "1-0"]
[ECO "A45"]
[WhiteElo "2529"]
[BlackElo "2342"]
[Annotator "ChessBase"]
[PlyCount "107"]
[EventDate "2019.10.15"]
[EventType "swiss"]
[EventCountry "IND"]
[SourceTitle "playchess.com"]
[Source "ChessBase"]
[SourceQuality "1"]
[TimeControl "40/5400+30:1800+30"]

1. d4 Nf6 2. Bg5 c5 3. Bxf6 gxf6 4. d5 Qb6 5. Qc1 f5 6. c4 Bg7 7. Nc3 d6 8. e3 Nd7 9. Nh3 Nf6 10. Qc2 Ne4 11. Rc1 e6 12. Bd3 Nxc3 13. bxc3 Be5 14. O-O Bd7 15. f4 Bf6 16. dxe6 fxe6 17. e4 fxe4 18. Bxe4 Qa6 19. f5 Be5 20. Rb1 Rb8 21. Qe2 Kd8 22. Ng5 exf5 23. Nf7+ Kc7 24. Nxe5 dxe5 25. Bxf5 Rbe8 26. Bxd7 Kxd7 27. Rf7+ Kc8 28. Qe4 Qc6 29. Qxc6+ bxc6 30. Rxa7 e4 31. Kf2 Rd8 32. Ke2 Rhg8 33. g3 h5 34. Ke3 h4 35. gxh4 Rg2 36. Ra8+ Kc7 37. Rxd8 Kxd8 38. Rd1+ Ke7 39. Rd2 Rg4 40. a4 Rxh4 41. a5 Ke6 42. Rd8 Ke5 43. Re8+ Kf5 44. a6 Rh3+ 45. Kf2 Rxh2+ 46. Kg3 Ra2 47. Ra8 Kf6 48. a7 Kg7 49. Kf4 Ra4 50. Kxe4 Rxc4+ 51. Ke5 Ra4 52. c4 Ra6 53. Kd6 Kh7 54. Rc8 1-0

[Event "WJCC U20 Open 2019"]
[Site "New Delhi"]
[Date "2019.10.17"]
[Round "4.25"]
[White "Arjun Kalyan"]
[Black "Neelash Saha"]
[Result "0-1"]
[ECO "B12"]
[WhiteElo "2483"]
[BlackElo "2334"]
[Annotator "ChessBase"]
[PlyCount "84"]
[EventDate "2019.10.15"]
[EventType "swiss"]
[EventCountry "IND"]
[SourceTitle "playchess.com"]
[Source "ChessBase"]
[SourceQuality "1"]
[TimeControl "40/5400+30:1800+30"]

1. e4 c6 2. d4 d5 3. e5 Bf5 4. h4 h5 5. Bd3 Bxd3 6. Qxd3 Qa5+ 7. Nd2 e6 8. Ngf3 Qa6 9. c4 Ne7 10. O-O Nf5 11. b3 Be7 12. a4 Nd7 13. Ba3 Bxa3 14. Rxa3 Qb6 15. b4 Qd8 16. cxd5 cxd5 17. Rc1 Rc8 18. Rxc8 Qxc8 19. Rc3 Qb8 20. Qc2 O-O 21. a5 Rd8 22. b5 Ne7 23. Ng5 Nf8 24. Qd1 Rc8 25. Qxh5 Rxc3 26. Qxf7+ Kh8 27. Qxe7 Rc7 28. Qa3 Kg8 29. Ndf3 Qe8 30. Qd3 Rc4 31. Qb1 Qe7 32. b6 Rb4 33. Qc2 axb6 34. axb6 Rxb6 35. g4 Rc6 36. Qd2 b5 37. Ne1 Rc4 38. Ngf3 Qa3 39. h5 Qc1 40. Qa5 b4 41. Qd8 Qf4 42. g5 Qg4+ 0-1

[Event "WJCC U20 Open 2019"]
[Site "New Delhi"]
[Date "2019.10.17"]
[Round "4.26"]
[White "Bharath Subramaniyam H"]
[Black "Nitish Belurkar"]
[Result "1/2-1/2"]
[ECO "C14"]
[WhiteElo "2417"]
[BlackElo "2311"]
[Annotator "NA"]
[PlyCount "127"]
[EventDate "2019.10.15"]
[EventType "swiss"]
[EventCountry "IND"]
[SourceTitle "playchess.com"]
[Source "ChessBase"]
[SourceQuality "1"]
[TimeControl "40/5400+30:1800+30"]

1. e4 e6 2. d4 d5 3. Nc3 Nf6 4. Bg5 Be7 5. e5 Nfd7 6. Bxe7 $11 Qxe7 7. f4 a6 8. Nf3 c5 9. dxc5 Nc6 10. Qd2 Nxc5 11. Bd3 O-O 12. O-O f6 13. exf6 Qxf6 14. g3 Bd7 15. Rae1 Rad8 16. Ne5 Nxe5 17. Rxe5 Be8 18. Rfe1 Bf7 19. Qf2 Nd7 20. R5e2 Rfe8 21. Qf3 Nb8 22. Qf2 Nc6 23. g4 e5 24. fxe5 Nxe5 25. Qxf6 gxf6 26. Rf1 Kg7 27. Ref2 Rd6 28. Ne2 Bg6 29. Bf5 d4 30. Rd1 Bxf5 31. gxf5 d3 32. Nc1 d2 33. Nd3 Nxd3 34. Rfxd2 Rd5 35. Rxd3 Rxf5 36. Rg3+ Kf8 37. Rd2 Re1+ 38. Kg2 Rfe5 39. Kf2 Re7 40. c4 Rc1 41. b3 b5 42. cxb5 axb5 43. Rf3 Kg7 44. Rf5 Rb7 45. Kg3 Ra1 46. Rdf2 Rb6 47. Kh4 Ra6 48. Rg2+ Kf7 49. Rff2 Ke6 50. Kh5 Ke5 51. Re2+ Kd4 52. Kh6 f5+ 53. Kg5 f4 54. Rd2+ Kc3 55. Kxf4 Kb4 56. Ke5 Ka3 57. Kd5 b4 58. Rc2 Rd1+ 59. Rgd2 Rxd2+ 60. Rxd2 Ra8 61. Kc6 Rc8+ 62. Kb7 Rg8 63. Rc2 h5 64. Kb6 1/2-1/2

[Event "WJCC U20 Open 2019"]
[Site "New Delhi"]
[Date "2019.10.17"]
[Round "4.28"]
[White "Papadiamandis, Elliot"]
[Black "Hollan, Martin"]
[Result "1/2-1/2"]
[ECO "C55"]
[WhiteElo "2190"]
[BlackElo "2403"]
[Annotator "NA"]
[PlyCount "67"]
[EventDate "2019.10.15"]
[EventType "swiss"]
[EventCountry "IND"]
[SourceTitle "playchess.com"]
[Source "ChessBase"]
[SourceQuality "1"]
[TimeControl "40/5400+30:1800+30"]

1. e4 e5 2. Nf3 Nc6 3. Bc4 Nf6 4. d3 Be7 5. c3 O-O 6. Nbd2 d6 7. Bb3 Be6 $14 8. O-O Qd7 9. Re1 Rae8 10. d4 Bxb3 11. Qxb3 Qc8 12. d5 Nd8 13. Nf1 Nh5 14. Qd1 g6 15. Bh6 Ng7 16. Qd2 f5 17. exf5 Qxf5 18. Ng3 Qd7 19. Ne4 Nf7 20. Bxg7 Kxg7 21. c4 h6 22. b4 g5 23. Qd3 Nh8 24. Ng3 Ng6 25. Nh5+ Kh7 26. Nd2 Qg4 27. Qe2 Qf5 28. Rf1 g4 29. Ng3 Nf4 30. Qe4 Qxe4 31. Ngxe4 b5 32. Rfd1 a5 33. bxa5 bxc4 34. Nxc4 1/2-1/2

[Event "WJCC U20 Open 2019"]
[Site "New Delhi"]
[Date "2019.10.17"]
[Round "4.29"]
[White "Di Benedetto, Edoardo"]
[Black "Saurabh Anand"]
[Result "0-1"]
[ECO "D31"]
[WhiteElo "2401"]
[BlackElo "2236"]
[Annotator "NA"]
[PlyCount "66"]
[EventDate "2019.10.15"]
[EventType "swiss"]
[EventCountry "IND"]
[SourceTitle "playchess.com"]
[Source "ChessBase"]
[SourceQuality "1"]
[TimeControl "40/5400+30:1800+30"]

1. d4 d5 2. c4 e6 3. Nc3 Be7 4. cxd5 exd5 5. Bf4 c6 6. e3 Bf5 7. g4 Be6 8. h4 Nd7 9. h5 Nh6 10. Be2 Qb6 11. Rb1 f6 12. Bxh6 gxh6 13. Nh3 Bd6 14. Nf4 Bxf4 15. exf4 f5 16. g5 O-O-O 17. Qd2 Rhf8 18. gxh6 Nf6 19. f3 Bf7 20. b4 Nxh5 21. Kf2 Qc7 22. Rh4 Qd6 23. Rbh1 Qxh6 24. Qd3 Be8 25. a3 Kb8 26. Qe3 Rg8 27. Qe7 Bg6 28. Qe5+ Ka8 29. Qc7 Rc8 30. Qd7 Rgd8 31. Qe7 Re8 32. Qd7 Qf8 33. Rxh5 Re7 0-1

[Event "WJCC U20 Open 2019"]
[Site "New Delhi"]
[Date "2019.10.17"]
[Round "4.30"]
[White "Wagh Suyog"]
[Black "Dobrovoljc, Vid"]
[Result "1/2-1/2"]
[ECO "A16"]
[WhiteElo "2229"]
[BlackElo "2389"]
[Annotator "NA"]
[PlyCount "106"]
[EventDate "2019.10.15"]
[EventType "swiss"]
[EventCountry "IND"]
[SourceTitle "playchess.com"]
[Source "ChessBase"]
[SourceQuality "1"]
[TimeControl "40/5400+30:1800+30"]

1. c4 Nf6 2. Nc3 g6 3. g3 Bg7 4. Bg2 d6 5. Rb1 a5 6. Nf3 O-O 7. O-O e5 8. d3 h6 9. a3 Re8 10. Nd2 c6 11. b4 axb4 12. axb4 d5 13. b5 Be6 14. Bb2 Nbd7 15. Qc2 Rc8 16. bxc6 bxc6 17. Ba3 Qc7 18. Rfc1 Qa7 19. Ra1 dxc4 20. Nce4 cxd3 21. exd3 Nxe4 22. Nxe4 Qd4 23. Bb2 Qb4 24. Ba3 Qd4 25. Nd6 c5 26. Nxe8 Rxe8 27. Bb2 Qd6 28. Ra8 Rxa8 29. Bxa8 Kh7 30. Bg2 Bf6 31. Re1 h5 32. h4 Qa6 33. Bf1 Qd6 34. Ba3 Bd8 35. Rc1 Bb6 36. Kh2 Bf5 37. Qc4 Qf6 38. Bg2 Bg4 39. Qc2 Kg8 40. Qd2 Qd6 41. Qc2 Bf5 42. Be4 Bg4 43. Rb1 Be6 44. Rb5 Kh7 45. Kg2 Kg7 46. Qc3 Kh7 47. Bb2 Bd8 48. Ba3 Bb6 49. Kh2 Kg8 50. Qc2 Kh7 51. Kg1 Kg7 52. Bc1 Kg8 53. Bg5 Kh7 1/2-1/2

[Event "WJCC U20 Open 2019"]
[Site "New Delhi"]
[Date "2019.10.17"]
[Round "4.31"]
[White "Winkelman, Albert"]
[Black "Rajdeep Sarkar"]
[Result "1-0"]
[ECO "B67"]
[WhiteElo "2143"]
[BlackElo "2384"]
[Annotator "NA"]
[PlyCount "93"]
[EventDate "2019.10.15"]
[EventType "swiss"]
[EventCountry "IND"]
[SourceTitle "playchess.com"]
[Source "ChessBase"]
[SourceQuality "1"]
[TimeControl "40/5400+30:1800+30"]

1. e4 c5 2. Nf3 d6 3. d4 cxd4 4. Nxd4 Nf6 5. Nc3 Nc6 6. Bg5 e6 7. Qd2 a6 8. O-O-O Bd7 9. f3 Be7 10. Kb1 Qc7 11. Nxc6 Bxc6 12. Ne2 b5 13. Nd4 Bd7 14. c3 Rb8 15. Bd3 a5 16. Rhe1 O-O 17. Qe2 b4 18. c4 Rfe8 19. e5 dxe5 20. Qxe5 Bd6 21. Qe3 Nh5 22. Ne2 Be7 23. g4 Nf6 24. Bf4 Qb6 25. Ng3 Bc5 26. Qd2 Ba4 27. b3 Bc6 28. Bxb8 Rxb8 29. g5 Nd7 30. Be4 Nf8 31. Bxc6 Qxc6 32. Ne4 Be7 33. Qf4 Ra8 34. Nd6 Bxd6 35. Rxd6 Qc7 36. Rd4 Qa7 37. Qd2 a4 38. Rd8 Rxd8 39. Qxd8 Qf2 40. Qd1 Qxh2 41. c5 a3 42. Qc2 Qc7 43. c6 e5 44. Re4 Ne6 45. Rxb4 Nd4 46. Rb7 Qc8 47. c7 1-0

[Event "WJCC U20 Open 2019"]
[Site "New Delhi"]
[Date "2019.10.17"]
[Round "4.32"]
[White "Rakesh Kumar Jena"]
[Black "Milikow, Yoav"]
[Result "1-0"]
[ECO "A48"]
[WhiteElo "2355"]
[BlackElo "2199"]
[Annotator "NA"]
[PlyCount "99"]
[EventDate "2019.10.15"]
[EventType "swiss"]
[EventCountry "IND"]
[SourceTitle "playchess.com"]
[Source "ChessBase"]
[SourceQuality "1"]
[TimeControl "40/5400+30:1800+30"]

1. d4 Nf6 2. Nf3 g6 3. Nc3 d5 4. Bf4 Bg7 5. e3 O-O 6. Be2 Bf5 7. h3 Ne4 8. g4 Nxc3 9. bxc3 Be6 10. Rb1 Qc8 11. c4 c5 12. cxd5 Bxd5 13. c4 Be4 14. Bd3 Bxd3 15. Qxd3 cxd4 16. exd4 f5 17. g5 Nc6 18. d5 Na5 19. O-O Qxc4 20. Qxc4 Nxc4 21. Rxb7 Nb6 22. Rd1 Rfd8 23. d6 exd6 24. Rxd6 Nd5 25. Rxd8+ Rxd8 26. Be5 Bxe5 27. Nxe5 Re8 28. Nc6 Nf4 29. Rxa7 Nxh3+ 30. Kg2 Nxg5 31. a4 Re2 32. a5 Ne4 33. a6 Rxf2+ 34. Kg1 Ra2 35. Ra8+ Kg7 36. a7 Ra1+ 37. Kg2 Ra2+ 38. Kf3 Ra3+ 39. Kf4 g5+ 40. Ke5 g4 41. Rb8 g3 42. a8=Q Rxa8 43. Rxa8 g2 44. Ra1 Nd2 45. Nd4 Nf1 46. Nf3 Kh6 47. Kf4 Kh5 48. Ra2 Nd2 49. Rxd2 h6 50. Ng1 1-0

[Event "WJCC U20 Open 2019"]
[Site "New Delhi"]
[Date "2019.10.17"]
[Round "4.33"]
[White "Donoso Diaz, Sebastian"]
[Black "Nigmatov, Ortik"]
[Result "1-0"]
[ECO "A05"]
[WhiteElo "2203"]
[BlackElo "2494"]
[Annotator "ChessBase"]
[PlyCount "71"]
[EventDate "2019.10.15"]
[EventType "swiss"]
[EventCountry "IND"]
[SourceTitle "playchess.com"]
[Source "ChessBase"]
[SourceQuality "1"]
[TimeControl "40/5400+30:1800+30"]

1. Nf3 Nf6 2. c4 g6 3. Nc3 Bg7 4. e4 d6 5. d4 O-O 6. h3 Qe8 7. g4 b6 8. Be3 Bb7 9. Nd2 Nc6 10. d5 Nb8 11. h4 e6 12. h5 exd5 13. exd5 Nbd7 14. Be2 Nc5 15. Qc2 c6 16. g5 Nfd7 17. dxc6 Bxc6 18. Rh4 a6 19. Nde4 Nxe4 20. Nxe4 Qe5 21. O-O-O Rfe8 22. Nxd6 Re6 23. Rhd4 Bf8 24. Nxf7 Kxf7 25. Rxd7+ Bxd7 26. Rxd7+ Re7 27. Rd4 Bg7 28. Bf3 Rc8 29. hxg6+ Kg8 30. Bd5+ Kh8 31. Rh4 Re6 32. Rxh7+ Kg8 33. Bd2 Rc7 34. Rh3 Kf8 35. Rf3+ Ke8 36. Bxe6 1-0

[Event "WJCC U20 Open 2019"]
[Site "New Delhi"]
[Date "2019.10.17"]
[Round "4.34"]
[White "Vykouk, Jan"]
[Black "Cansun, Can Alp"]
[Result "1-0"]
[ECO "B42"]
[WhiteElo "2468"]
[BlackElo "2199"]
[Annotator "ChessBase"]
[PlyCount "101"]
[EventDate "2019.10.15"]
[EventType "swiss"]
[EventCountry "IND"]
[SourceTitle "playchess.com"]
[Source "ChessBase"]
[SourceQuality "1"]
[TimeControl "40/5400+30:1800+30"]

1. e4 c5 2. Nf3 e6 3. d4 cxd4 4. Nxd4 a6 5. Bd3 Nf6 6. O-O Qc7 7. Qe2 d6 8. f4 Nbd7 9. c4 Be7 10. Nc3 b6 11. Bd2 Bb7 12. b4 O-O 13. a3 Rfe8 14. Nf3 a5 15. Rae1 axb4 16. axb4 d5 17. cxd5 exd5 18. e5 Bxb4 19. Nb5 Bc5+ 20. Be3 Qb8 21. Bxc5 Nxc5 22. Nd6 Qxd6 23. exd6 Rxe2 24. Bxe2 Rd8 25. Bb5 Nfe4 26. Nd4 Rxd6 27. Ra1 h5 28. Ra7 Kh7 29. Be2 Kg6 30. Ra3 Bc8 31. f5+ Kh6 32. Ra8 Rd8 33. Rb1 Kg5 34. g3 Nd7 35. h4+ Kh6 36. Ba6 Nd6 37. Nb5 Nxf5 38. Rxc8 Rf8 39. Kf2 g5 40. hxg5+ Kxg5 41. Rxf8 Nxf8 42. Nc3 h4 43. gxh4+ Nxh4 44. Nxd5 Ne6 45. Rxb6 Ng6 46. Bc8 Nd4 47. Ke3 Nf5+ 48. Bxf5 Kxf5 49. Rb5 Ne5 50. Nf4 f6 51. Nd3 1-0

[Event "WJCC U20 Open 2019"]
[Site "New Delhi"]
[Date "2019.10.17"]
[Round "4.35"]
[White "Muradli, Mahammad"]
[Black "Vatsal Singhania"]
[Result "0-1"]
[ECO "D44"]
[WhiteElo "2459"]
[BlackElo "2157"]
[Annotator "ChessBase"]
[PlyCount "66"]
[EventDate "2019.10.15"]
[EventType "swiss"]
[EventCountry "IND"]
[SourceTitle "playchess.com"]
[Source "ChessBase"]
[SourceQuality "1"]
[TimeControl "40/5400+30:1800+30"]

1. d4 Nf6 2. c4 e6 3. Nf3 d5 4. Nc3 c6 5. Bg5 dxc4 6. e4 b5 7. e5 h6 8. Bh4 g5 9. Nxg5 hxg5 10. Bxg5 Be7 11. exf6 Bxf6 12. Bxf6 Qxf6 13. g3 Na6 14. Bg2 Bb7 15. a4 O-O-O 16. axb5 cxb5 17. Bxb7+ Kxb7 18. Nxb5 Nb4 19. O-O Nc6 20. Qe2 Qh6 21. f3 Rd5 22. b3 Rxb5 23. bxc4 Nxd4 24. Qa2 Qe3+ 25. Kh1 Rbh5 26. Qxa7+ Kc8 27. Qa8+ Kc7 28. Qa7+ Kd8 29. Qb8+ Ke7 30. Qb7+ Kf6 31. Ra2 Qd3 32. Qb1 Qxb1 33. Rxb1 Nxf3 0-1

[Event "WJCC U20 Open 2019"]
[Site "New Delhi"]
[Date "2019.10.17"]
[Round "4.36"]
[White "Maltezeanu, Stefan"]
[Black "Tica, Sven"]
[Result "1/2-1/2"]
[ECO "B15"]
[WhiteElo "2102"]
[BlackElo "2418"]
[Annotator "NA"]
[PlyCount "159"]
[EventDate "2019.10.15"]
[EventType "swiss"]
[EventCountry "IND"]
[SourceTitle "playchess.com"]
[Source "ChessBase"]
[SourceQuality "1"]
[TimeControl "40/5400+30:1800+30"]

1. e4 c6 2. d4 d5 3. Nd2 dxe4 4. Nxe4 Nf6 5. Nxf6+ exf6 6. c3 Bf5 7. Bd3 Bxd3 8. Qxd3 Bd6 9. Ne2 O-O 10. O-O Re8 11. Ng3 Nd7 12. Be3 Nf8 13. Rfe1 Qd7 14. Rad1 Rad8 15. Re2 Ne6 16. Rde1 g6 17. d5 Bxg3 18. hxg3 Qxd5 19. Qxd5 Rxd5 20. Bxa7 Ra8 21. Bd4 Nxd4 22. Re8+ Rxe8 23. Rxe8+ Kg7 24. cxd4 Rxd4 25. Re2 f5 26. f3 Kf6 27. a3 Rd3 28. Kf2 h5 29. Ke1 Rd5 30. Kf2 Re5 31. Rxe5 Kxe5 32. Ke3 Kd5 33. Kd3 g5 34. b3 Kc5 35. Ke3 Kd5 36. Kd3 Ke5 37. Ke3 f6 38. a4 c5 39. a5 Kd6 40. Kd3 Kd5 41. Kc3 g4 42. f4 Ke4 43. Kc4 h4 44. gxh4 Kxf4 45. Kxc5 Ke5 46. h5 f4 47. h6 f3 48. gxf3 g3 49. h7 g2 50. h8=Q g1=Q+ 51. Kb4 Qd4+ 52. Ka3 Qc5+ 53. Kb2 Qf2+ 54. Ka3 Qc5+ 55. Kb2 Qf2+ 56. Ka3 Qxf3 57. Qe8+ Kd6 58. Qd8+ Kc6 59. Qe8+ Kc5 60. Qe7+ Kb5 61. Qb4+ Kc6 62. Qc4+ Kd6 63. a6 bxa6 64. Qxa6+ Ke7 65. Qa7+ Kf8 66. Qc5+ Kg8 67. Qc8+ Kg7 68. Qd7+ Kh6 69. Qe6 Kg5 70. Qe7 Kg4 71. Qg7+ Kh3 72. Qh6+ Kg2 73. Qg6+ Kh2 74. Qh6+ Kg1 75. Qg6+ Kf1 76. Qb1+ Kf2 77. Qc2+ Kg3 78. Qg6+ Kf2 79. Qc2+ Kg3 80. Qg6+ 1/2-1/2

[Event "WJCC U20 Open 2019"]
[Site "New Delhi"]
[Date "2019.10.17"]
[Round "4.37"]
[White "O`Donnell, Conor"]
[Black "Dahanayake, Isara Banidu"]
[Result "1-0"]
[ECO "E86"]
[WhiteElo "2345"]
[BlackElo "1771"]
[Annotator "NA"]
[PlyCount "71"]
[EventDate "2019.10.15"]
[EventType "swiss"]
[EventCountry "IND"]
[SourceTitle "playchess.com"]
[Source "ChessBase"]
[SourceQuality "1"]
[TimeControl "40/5400+30:1800+30"]

1. d4 Nf6 2. c4 g6 3. f3 Bg7 4. e4 d6 5. Nc3 O-O 6. Be3 e5 7. Nge2 c6 8. Qd2 Nbd7 9. d5 cxd5 10. cxd5 a6 11. g4 h5 12. g5 Nh7 13. Nc1 f6 14. gxf6 Qxf6 15. Be2 Rf7 16. Nd3 Qe7 17. O-O-O Ndf8 18. Na4 Rb8 19. Nb6 Qd8 20. Rhg1 Kh8 21. Kb1 Bf6 22. Qb4 g5 23. Rc1 Be7 24. Nxc8 Rxc8 25. Qxb7 Ra8 26. Rc6 Ng6 27. Rgc1 Rf8 28. Rxa6 Rxa6 29. Qxa6 Qb8 30. Qa7 Qxa7 31. Bxa7 Nf4 32. Nxf4 gxf4 33. b4 Kg7 34. b5 Nf6 35. b6 Nd7 36. b7 1-0

[Event "WJCC U20 Open 2019"]
[Site "New Delhi"]
[Date "2019.10.17"]
[Round "4.38"]
[White "Jablonicky, Martin"]
[Black "De Silva, L M S T"]
[Result "1-0"]
[ECO "A05"]
[WhiteElo "2333"]
[BlackElo "1879"]
[Annotator "NA"]
[PlyCount "85"]
[EventDate "2019.10.15"]
[EventType "swiss"]
[EventCountry "IND"]
[SourceTitle "playchess.com"]
[Source "ChessBase"]
[SourceQuality "1"]
[TimeControl "40/5400+30:1800+30"]

1. Nf3 Nf6 2. b3 g6 3. Bb2 Bg7 4. g3 b6 5. Bg2 Bb7 6. O-O c5 7. c4 O-O 8. Nc3 d6 9. e3 Nbd7 10. d4 a6 11. d5 b5 12. Qc2 Nb6 13. Nd2 Qd7 14. e4 Rfb8 15. Rae1 bxc4 16. bxc4 Ng4 17. Nd1 Qa4 18. Qxa4 Nxa4 19. Bxg7 Kxg7 20. f4 Bc8 21. h3 Nh6 22. g4 Nb2 23. Nc3 f6 24. Re3 Nf7 25. Rfe1 Bd7 26. Bf1 g5 27. e5 fxe5 28. fxe5 Nxe5 29. Nf3 Nxf3+ 30. Rxf3 Re8 31. Ne4 Kh6 32. Rb3 Na4 33. Rb7 Rad8 34. Bd3 Bc8 35. Rc7 Nb2 36. Bf1 Rd7 37. Rc6 Rf8 38. Nxc5 Ra7 39. Rb1 Kg7 40. Rxc8 Rxc8 41. Ne6+ Kf6 42. Rxb2 h5 43. Bd3 1-0

[Event "WJCC U20 Open 2019"]
[Site "New Delhi"]
[Date "2019.10.17"]
[Round "4.39"]
[White "Mohd Saprin, Amir Ghaazi"]
[Black "Sterck, Arno"]
[Result "0-1"]
[ECO "A09"]
[WhiteElo "1942"]
[BlackElo "2331"]
[Annotator "NA"]
[PlyCount "104"]
[EventDate "2019.10.15"]
[EventType "swiss"]
[EventCountry "IND"]
[SourceTitle "playchess.com"]
[Source "ChessBase"]
[SourceQuality "1"]
[TimeControl "40/5400+30:1800+30"]

1. Nf3 d5 2. c4 d4 3. e3 Nc6 4. b4 dxe3 5. fxe3 Nxb4 6. d4 e5 7. a3 Nc6 8. d5 e4 9. dxc6 Qxd1+ 10. Kxd1 exf3 11. gxf3 Ne7 12. Nc3 Nxc6 13. Nd5 Bd6 14. Bb2 Kf8 15. Rg1 f6 16. h4 Ne5 17. Be2 c6 18. Nf4 Kf7 19. Kc2 Bc5 20. Bd4 Bxd4 21. exd4 Bf5+ 22. Kc3 Ng6 23. Ng2 Rae8 24. Bd3 Bxd3 25. Kxd3 h5 26. Rab1 Re7 27. Rb2 Rd8 28. Kc3 b6 29. a4 Red7 30. Rd1 Ne5 31. Rf2 b5 32. axb5 cxb5 33. cxb5 Rc7+ 34. Kb3 Rd5 35. Ne3 Rxb5+ 36. Ka4 Rcb7 37. dxe5 Rb4+ 38. Ka5 R7b5+ 39. Ka6 Rb6+ 40. Kxa7 Rb7+ 41. Ka6 Rb8 42. Ka7 R4b7+ 43. Ka6 Rb3 44. Ka7 R8b4 45. Ra1 Rxe3 46. exf6 Kxf6 47. f4 Rh3 48. Ra6+ Kf7 49. Rg2 Rhb3 50. Ra5 Rxf4 51. Rgg5 Rxh4 52. Raf5+ Kg8 0-1

[Event "WJCC U20 Open 2019"]
[Site "New Delhi"]
[Date "2019.10.17"]
[Round "4.40"]
[White "Sivathanujan, S."]
[Black "Tifferet, Shaked"]
[Result "1/2-1/2"]
[ECO "C50"]
[WhiteElo "1766"]
[BlackElo "2224"]
[Annotator "NA"]
[PlyCount "110"]
[EventDate "2019.10.15"]
[EventType "swiss"]
[EventCountry "IND"]
[SourceTitle "playchess.com"]
[Source "ChessBase"]
[SourceQuality "1"]
[TimeControl "40/5400+30:1800+30"]

1. e4 e5 2. Nf3 Nc6 3. Bc4 Bc5 4. d3 Nf6 5. O-O d6 6. c3 a5 7. Be3 Bxe3 8. fxe3 O-O 9. Nbd2 a4 10. d4 Bg4 11. Qe1 Bxf3 12. Rxf3 Ne7 13. Qg3 Ng6 14. h4 c6 15. Raf1 d5 16. exd5 cxd5 17. Be2 exd4 18. exd4 Ne4 19. Nxe4 dxe4 20. Rf5 Qxh4 21. Qxh4 Nxh4 22. R5f4 g5 23. Rxe4 Ng6 24. Rf5 h6 25. Rb5 Nf4 26. Bc4 Rfc8 27. Bf1 a3 28. c4 axb2 29. Rxb2 Ne6 30. Kf2 Ra3 31. Re3 Ra4 32. d5 Nc5 33. a3 Ra5 34. Kf3 Rca8 35. Ra2 h5 36. Be2 f5 37. Kf2 Ne4+ 38. Ke1 g4 39. Bd1 Kf7 40. Rb2 Rxa3 41. Rxb7+ Kf6 42. Rb6+ Ke5 43. Re6+ Kf4 44. Rxa3 Rxa3 45. d6 Rd3 46. Rh6 Re3+ 47. Be2 Ra3 48. d7 Ra8 49. Bd1 Rd8 50. Ba4 Nc5 51. Bb5 Ke5 52. Rh7 Ke6 53. Rh6+ Ke5 54. Rh7 Ke6 55. Rh6+ Ke5 1/2-1/2

[Event "WJCC U20 Open 2019"]
[Site "New Delhi"]
[Date "2019.10.17"]
[Round "4.41"]
[White "Pranav Vijay"]
[Black "Li, William"]
[Result "1-0"]
[ECO "A45"]
[WhiteElo "2265"]
[BlackElo "2161"]
[Annotator "NA"]
[PlyCount "63"]
[EventDate "2019.10.15"]
[EventType "swiss"]
[EventCountry "IND"]
[SourceTitle "playchess.com"]
[Source "ChessBase"]
[SourceQuality "1"]
[TimeControl "40/5400+30:1800+30"]

1. d4 Nf6 2. Bg5 d5 3. Bxf6 exf6 4. e3 Be6 5. g3 Bd6 6. Bg2 c6 7. Ne2 Nd7 8. Nd2 f5 9. b3 b5 10. c4 b4 11. Qc2 O-O 12. O-O Rc8 13. c5 Be7 14. a3 a5 15. axb4 axb4 16. Ra6 Qc7 17. Rfa1 Rb8 18. Nf4 g5 19. Ne2 Bf6 20. Bh3 f4 21. Bxe6 fxe6 22. e4 f3 23. Nxf3 Nxc5 24. Qxc5 Be7 25. Qc2 Rxf3 26. Rxc6 Qd8 27. Rxe6 Qf8 28. exd5 Rb7 29. Qc6 Rxf2 30. d6 Ra7 31. Re1 Bd8 32. Re8 1-0

[Event "WJCC U20 Open 2019"]
[Site "New Delhi"]
[Date "2019.10.17"]
[Round "4.42"]
[White "Risting, Eivind Olav"]
[Black "Lama, Milan"]
[Result "1-0"]
[ECO "D20"]
[WhiteElo "2289"]
[BlackElo "1976"]
[Annotator "NA"]
[PlyCount "79"]
[EventDate "2019.10.15"]
[EventType "swiss"]
[EventCountry "IND"]
[SourceTitle "playchess.com"]
[Source "ChessBase"]
[SourceQuality "1"]
[TimeControl "40/5400+30:1800+30"]

1. d4 d5 2. c4 dxc4 3. e4 e5 4. Nf3 exd4 5. Bxc4 Nc6 6. O-O Be6 7. Bxe6 fxe6 8. Qb3 Qd7 9. Qxb7 Rb8 10. Qa6 Nf6 11. Nbd2 Bd6 12. a3 O-O 13. b4 Ng4 14. h3 Nge5 15. Nxe5 Nxe5 16. f4 Ng6 17. g3 c5 18. bxc5 Bxc5 19. Qd3 Qa4 20. h4 Rfc8 21. Rb1 Bb6 22. Rb4 Rc3 23. Rxa4 Rxd3 24. Kg2 Rc8 25. Nc4 Rc3 26. Nxb6 Rc2+ 27. Rf2 axb6 28. Bd2 Rd8 29. Ra6 Rc6 30. Bb4 Nf8 31. Rd2 e5 32. Kf3 exf4 33. gxf4 Ne6 34. f5 Nc5 35. Bxc5 Rxc5 36. Rxb6 Rc3+ 37. Kf4 Rxa3 38. Rb4 d3 39. Rb7 Ra4 40. Rg2 1-0